AoeStats
← shai

Arabia

507905546Analyzed
1v1 RM · 13d ago on Sep 20, 2026· 39m 1s· 2 players
Game mode
Random Map
Map size
Tiny (2 player)
Population
200
Speed
Normal
Resources
Standard
Victory
Conquest
Starting age
Dark Age
Ending age
Imperial Age
RankedLock teamsTeams togetherTeam positionsShared explorationLock speedFull tech treeHidden civsTurbo modeCheats
Victory
Defeat
🇹🇼 Bengalis · Taiwan
1450
+18
🇺🇸 Franks · United States
1496
-18
shai
6:53 Loom
9:18 Feudal Age
10:32 Double-Bit Axe
11:16 Horse Collar
12:02 Man-at-Arms
15:57 Bloodlines
18:32 Forging
22:23 Castle Age
21:15 Scale Barding Armor
22:01 Gold Mining
23:06 Husbandry
23:30 Chain Barding Armor
32:20 Iron Casting
32:25 Wheelbarrow
37:54 Light Cavalry
39:17 Gold Shaft Mining
AttiladaHun
5:40 Loom
9:17 Feudal Age
9:54 Double-Bit Axe
16:48 Forging
22:07 Castle Age
20:36 Gold Mining
20:58 Scale Barding Armor
23:01 Wheelbarrow
23:15 Bow Saw
23:15 Husbandry
23:41 Chain Barding Armor
Connection lost

Rejoining the realm…

Still unreachable

The connection could not be restored.

Session expired

The server has moved on; the page needs a fresh start.